 Dungeon Crawl Stone Soup version 0.25.1-2-g60ff931df9 (webtiles) character file.

Game seed: 17604567708535922503

84774 DogServant the Warrior (level 15, -1/137 HPs)
             Began as a Merfolk Gladiator on Nov 8, 2020.
             Was a High Priest of Okawaru.
             Killed from afar by a starcursed mass (8 damage)
             ... with an accursed screaming
             ... on level 2 of the Abyss.
             The game lasted 00:50:43 (30233 turns).

DogServant the Warrior (Merfolk Gladiator)         Turns: 30233, Time: 00:50:44

Health: -1/137     AC: 23    Str: 23    XL:     15   Next: 81%
Magic:  26/30      EV: 42    Int:  8    God:    Okawaru [*****.]
Gold:   1270       SH:  0    Dex: 16    Spells: 9/14 levels left

rFire    . . .     SeeInvis .   P - +7 great sword of the Land of Plenty {venom, Fragile rN++ MP+9 Int+3}
rCold    + . .     Gourm    .   (shield currently unavailable)
rNeg     + + .     Faith    .   W - +2 scale mail {rC+}
rPois    +         Spirit   .   F - +2 helmet
rElec    +         Reflect  .   z - +2 cloak {rPois}
rCorr    .         Harm     .   K - +0 pair of gloves of Okawaru's Envy {+Inv rElec rPois Str+4}
MR       +....                  (no boots)
Stlth    ++........             o - amulet of the acrobat
HPRegen  0.00/turn              i - +4 ring of protection
MPRegen  0.22/turn              U - +4 ring of evasion

@: heroism, finesse, acrobat, very slightly contaminated, non-regenerating,
mildly diseased, invisible
A: change form in water, swift swim, stealthy swim, fangs 1, agile 1, [clumsy
1], [deterioration 2], [dopey 2], poison resistance, [screaming 2], subdued
magic 1
a: Heroism, Finesse, Renounce Religion


You were on level 2 of the Abyss.
You worshipped Okawaru.
Okawaru was extremely pleased with you.
You were not hungry.

You visited 3 branches of the dungeon, and saw 22 of its levels.
You visited the Abyss 1 time.
You also visited: Ice Cave.

You collected 1270 gold pieces.

Inventory:

Hand Weapons
 P - the +7 great sword of the Land of Plenty (weapon) {venom, Fragile rN++ MP+9 Int+3}
   (You found it on level 13 of the Dungeon)

   It poisons the flesh of those it strikes.
   It affects your intelligence (+3).
   It greatly protects you from negative energy.
   It affects your magic capacity (+9).
   It will be destroyed if unequipped.
 X - a +6 long sword of protection
Missiles
 c - 6 curare-tipped darts
 y - 17 silver javelins (quivered)
Armour
 z - a +2 cloak of poison resistance (worn)
 F - a +2 helmet (worn)
 K - the +0 pair of gloves of Okawaru's Envy (worn) {+Inv rElec rPois Str+4}
   (Okawaru gifted it to you on level 4 of the Lair of Beasts)

   It affects your strength (+4).
   It insulates you from electricity.
   It protects you from poison.
   It lets you turn invisible.
 N - a +0 buckler
 Q - a +0 buckler of fire resistance
 W - a +2 scale mail of cold resistance (worn)
Jewellery
 i - a +4 ring of protection (left hand)
 j - an uncursed ring of protection from cold
 o - an amulet of the acrobat (around neck)
 I - an uncursed ring of protection from magic
 R - an uncursed ring of stealth
 U - a +4 ring of evasion (right hand)
Wands
 a - a wand of iceblast (4)
 b - a wand of digging (9)
 e - a wand of polymorph (10)
 w - a wand of paralysis (12)
 C - a wand of disintegration (5)
 L - a wand of flame (20)
 O - a wand of acid (5)
 T - a wand of random effects (48)
Scrolls
 g - 6 scrolls of remove curse
 h - 4 scrolls of amnesia
 l - 3 scrolls of fear
 s - 5 scrolls of teleportation
 t - 7 scrolls of fog
 v - 2 scrolls of silence
 H - 4 scrolls of enchant armour
 J - 2 scrolls of magic mapping
 M - 5 scrolls of identify
 S - a scroll of holy word
 Y - a scroll of enchant weapon
Potions
 d - a potion of invisibility
 k - a potion of mutation
 m - a potion of ambrosia
 n - a potion of cancellation
 q - 4 potions of brilliance
 r - a potion of berserk rage
 u - 2 potions of might
 x - 4 potions of curing
 A - 4 potions of lignification
 E - 3 potions of flight
 G - 3 potions of stabbing
Comestibles
 f - 31 rations


   Skills:
 - Level 18.7(23.7) Fighting
 + Level 14.3(19.3) Long Blades
 - Level 2.1(7.1) Throwing
 + Level 5.9(10.9) Armour
 - Level 14.0(19.0) Dodging
 - Level 4.0(9.0) Shields
 + Level 2.8 Charms
 + Level 8.6 Invocations
 - Level 3.0 Evocations


You had 9 spell levels left.
You knew the following spells:

 Your Spells              Type           Power        Failure   Level  Hunger
a - Blink                 Tloc           N/A          77%         2    ###....
b - Spectral Weapon       Hex/Chrm       #.......     80%         3    ####...

Your spell library contained the following spells:

 Spells                   Type           Power        Failure   Level  Hunger
 Shroud of Golubria       Chrm/Tloc      #.....       56%         2    ###....
 Animate Skeleton         Necr           N/A          63%         1    ##.....
 Apportation              Tloc           #.....       63%         1    ##.....
 Corona                   Hex            #......      63%         1    ##.....
 Magic Dart               Conj           #...         63%         1    ##.....
 Summon Small Mammal      Summ           #...         63%         1    ##.....
 Call Imp                 Summ           #.......     77%         2    ###....
 Slow                     Hex            #.......     77%         2    ###....
 Conjure Flame            Conj/Fire      #.......     94%         3    ####...
 Mephitic Cloud           Conj/Pois/Air  #.......     94%         3    ####...
 Controlled Blink         Tloc           N/A          100%        8    #######


Dungeon Overview and Level Annotations

Branches:
Dungeon (15/15)            Temple (1/1) D:4            Lair (6/6) D:10
  Swamp (0/4) Lair:3        Snake (0/4) Lair:3        Slime (0/5) Lair:5
    Orc (0/2) D:10          IceCv (visited)
 Vaults: D:13-14     Depths: D:15

Altars:
Ashenzari
Cheibriados
Dithmenos
Elyvilon
Fedhas
Gozag
Hepliaklqana
Kikubaaqudgha
Makhleb
Nemelex Xobeh
Okawaru
Qazlal
Ru
Sif Muna
Trog
Uskayaw
Vehumet
Wu Jian
Xom
Yredelemnul
Zin
The Shining One

Annotations:
D:9 exclusions: door and 1 more exclusion
D:13 3 runed translucent doors, Sverke's ghost, journeyman GrFi
Lair:6 1 runed translucent door, TangoThomas's ghost, journeyman BaWr
Abyss:2 1 runed translucent door


Innate Abilities, Weirdness & Mutations

You revert to your normal form in water.
You are very nimble and swift while swimming.
You are very stealthy in the water. (Stealth+)
You have very sharp teeth.
You are agile. (Dex +2)
Your system is resistant to poisons. (rPois)
Your spells are a little easier to cast, but a little less powerful.
[You are clumsy. (Dex -2)]
[Your body often deteriorates upon taking damage.]
[You are very dopey. (Int -4)]
[You sometimes yell uncontrollably at your foes.]


Message History

Your legs become a tail as you dive into the water.
Floosh!
You are very lightly contaminated with residual magic.
As you read the scroll of blinking, it crumbles to dust.
Okay, then.
Okay, then.
You fade into invisibility!
A starcursed mass splits. x2
The guardian serpent casts a spell at you.
The bolt of poison misses you.
Your legs become a tail as you enter the water. ...but don't expect to remain undetected.
The guardian serpent coils itself and waves its upper body at you.
The bolt of poison misses you.
The guardian serpent coils itself and waves its upper body at you.
The bolt of poison misses you.
The guardian serpent coils itself and waves its upper body at you.
You resist with some effort. A chorus of shrieks assaults your mind.
You die...

## #.# # ..# ## ##..
..# .###...#
#.##..#.#..# .#
..........# ≈ #
###.#...#
≈≈≈##♣♣#≈≈.@.#§
≈≈≈≈≈≈≈≈≈##≈≈##
≈≈≈≈≈≈≈≈≈≈≈≈≈≈≈♣ ≈≈≈
###≈≈≈≈≈≈≈≈≈≈≈≈≈
≈♣..#..#X.≈≈≈≈≈≈≈≈≈≈≈
.
#..#≈.##≈S.≈≈≈≈≈≈≈♣≈≈≈
#...
#≈..X≈♣≈#≈≈§≈≈≈≈#≈≈ .
#..###..#.≈≈≈♣≈.≈≈≈≈≈#
. #....... .#.≈.#♣≈≈≈≈


You could see 2 starcursed masses.

Vanquished Creatures
  2 tentacled starspawn (Abyss:2)
  A frost giant (IceCv)
  Josephine (D:11)
  Fannar (D:11)
  6 hydras
  4 centaur warriors (D:13)
  A tengu warrior (D:14)
  A death knight (D:13)
  2 two-headed ogres
  2 thrashing horrors (Abyss:2)
  A death yak (IceCv)
  Nergalle (D:12)
  2 wretched stars (Abyss:2)
  A skeletal warrior (D:13)
  A swamp dragon (Lair:3)
  A spatial maelstrom (Abyss:2)
  3 unseen horrors
  A phantasmal warrior (D:12)
  A necromancer (Lair:5)
  3 deep elf magi
  A manticore (D:12)
  5 cyclopes
  2 ugly things
  A worldbinder (Abyss:2)
  5 black mambas
  3 centaur zombies
  An ice statue (IceCv)
  18 spiny frogs
  3 elephants (Lair:6)
  Psyche (D:12)
  A gargoyle (D:13)
  3 rime drakes
  A yaktaur (shapeshifter) (D:13)
  4 komodo dragons
  2 freezing wraiths
  A tengu conjurer (D:12)
  A queen bee (Lair:1)
  2 ancient zymes (Abyss:2)
  Prince Ribbit (D:8)
  4 hornets
  3 trolls
  15 polar bears
  3 tyrant leeches (Lair:6)
  6 dream sheep
  A slime creature (D:13)
  15 blink frogs (Lair:6)
  7 hippogriffs
  3 vampires
  Sigmund (D:4)
  12 spriggans (Lair:4)
  A ynoxinul (Abyss:2)
  6 wyverns
  62 yaks
  A shadow (D:14)
  6 wraiths
  2 hungry ghosts
  2 basilisks
  2 large abominations (Abyss:2)
  9 vampire mosquitoes
  A spatial vortex (Abyss:2)
  An acid dragon (D:12)
  Menkaure (D:6)
  A soldier ant (D:14)
  17 water moccasins
  5 porcupines
  8 orc warriors
  3 black bears
  An ettin simulacrum (Abyss:2)
  3 ice beasts
  A phantom (D:13)
  6 ogres
  6 starcursed masses (Abyss:2)
  3 boggarts (Lair:4)
  35 wolves
  23 centaurs
  14 crocodiles
  3 big kobolds
  A gnoll sergeant (D:10)
  25 bullfrogs
  A wyvern zombie (D:9)
  3 scorpions
  41 killer bees
  5 wights (D:14)
  A howler monkey (D:4)
  7 crimson imps
  4 bullfrog zombies
  A wyvern simulacrum (D:13)
  3 quasits
  2 jellies
  14 orc wizards
  2 bullfrog skeletons (D:9)
  7 centaur skeletons
  6 hounds
  6 orc priests
  2 iron imps (Abyss:2)
  A gnoll shaman (D:5)
  An iguana (Lair:3)
  14 worker ants
  3 yak simulacra (Lair:5)
  5 polar bear simulacra (Lair:5)
  2 small abominations (Abyss:2)
  A wolf simulacrum (Lair:5)
  A hound zombie (D:6)
  2 hound skeletons
  Robin (D:4)
  15 gnolls
  11 adders
  5 shadow imps
  2 oozes (D:2)
  5 worms
  3 dart slugs
  2 leopard geckos
  40 orcs
  8 giant cockroaches
  7 goblins
  7 hobgoblins
  22 jackals
  12 kobolds
  3 quokkas
  4 ball pythons
  3 bats
  2 frilled lizards
  A giant cockroach zombie (D:5)
  A jackal skeleton (D:4)
  A jackal zombie (D:8)
  A leopard gecko zombie (D:5)
  6 rats
  2 river rat simulacra (Lair:5)
  A fungus (Lair:3)
711 creatures vanquished.

Vanquished Creatures (others)
  An unseen horror (D:13)
  A crocodile (Lair:3)
  A fungus (Lair:6)
  41 plants
  4 starspawn tentacles (Abyss:2)
48 creatures vanquished.

Grand Total: 759 creatures vanquished

Notes
Turn   | Place    | Note
-------+----------+-------------------------------------------
     0 | D:1      | DogServant the Merfolk Gladiator began the quest for the
                  | Orb.
     0 | D:1      | Reached XP level 1. HP: 16/16 MP: 1/1
    75 | D:1      | Reached XP level 2. HP: 17/22 MP: 2/2
   586 | D:1      | Reached XP level 3. HP: 26/28 MP: 3/3
  1142 | D:2      | Reached XP level 4. HP: 34/34 MP: 4/4
  1281 | D:2      | Reached skill level 3 in Fighting
  1735 | D:3      | Learned a level 2 spell: Blink
  2199 | D:3      | Found a burning altar of Makhleb.
  2422 | D:4      | Found a staircase to the Ecumenical Temple.
  2422 | D:4      | Noticed Sigmund
  2435 | D:4      | Reached skill level 5 in Dodging
  2435 | D:4      | Reached XP level 5. HP: 38/41 MP: 5/5
  2728 | D:4      | Reached skill level 5 in Long Blades
  2904 | D:4      | Reached XP level 6. HP: 46/48 MP: 6/6
  2930 | D:4      | Found a hide-covered altar of Uskayaw.
  2955 | Temple   | Entered the Ecumenical Temple
  3388 | D:4      | Reached skill level 4 in Fighting
  3507 | D:4      | Found an iron altar of Okawaru.
  3528 | D:4      | Noticed Robin
  3549 | D:4      | Became a worshipper of Warmaster Okawaru
  3564 | D:4      | Killed Robin
  3833 | D:4      | Killed Sigmund
  3833 | D:4      | Reached XP level 7. HP: 50/55 MP: 7/7
  3878 | D:4      | Found a sparkling altar of Nemelex Xobeh.
  4132 | D:5      | Entered Level 5 of the Dungeon
  4216 | D:5      | Reached * piety under Okawaru
  4359 | D:5      | Found a glowing silver altar of Zin.
  4360 | D:5      | Found an opulent altar of Gozag.
  4523 | D:5      | Found a glowing golden altar of the Shining One.
  4545 | D:5      | Found a hide-covered altar of Uskayaw.
  4985 | D:5      | Reached skill level 5 in Fighting
  5238 | D:5      | Reached XP level 8. HP: 50/62 MP: 8/8
  5807 | D:6      | Noticed a hippogriff
  5826 | D:6      | Reached ** piety under Okawaru
  5840 | D:6      | Killed a hippogriff
  6140 | D:6      | Found a shattered altar of Ashenzari.
  6206 | D:6      | Noticed Menkaure
  6216 | D:6      | Killed Menkaure
  6817 | D:7      | Reached XP level 9. HP: 62/68 MP: 9/9
  6822 | D:7      | Reached skill level 10 in Long Blades
  6827 | D:7      | Found a bloodstained altar of Trog.
  7456 | D:7      | Found a stormy altar of Qazlal.
  7567 | D:7      | Reached *** piety under Okawaru
  7668 | D:8      | Found Komiosuf's Book Boutique.
  7701 | D:8      | Noticed Prince Ribbit
  7709 | D:8      | Noticed a two-headed ogre
  7862 | D:8      | Found a shadowy altar of Dithmenos.
  8270 | D:9      | Reached skill level 10 in Dodging
  8604 | D:9      | Reached **** piety under Okawaru
  8777 | D:8      | Killed a two-headed ogre
  8777 | D:8      | Reached XP level 10. HP: 13/74 MP: 10/10
  9537 | D:8      | Killed Prince Ribbit
  9762 | D:9      | Found a hazy altar of Hepliaklqana.
 10005 | D:9      | Found a basalt altar of Yredelemnul.
 10068 | D:9      | Reached ***** piety under Okawaru
 10253 | D:9      | Reached skill level 1 in Shields
 10520 | D:9      | Reached skill level 6 in Fighting
 10791 | D:9      | Noticed a three-headed hydra
 10824 | D:10     | Entered Level 10 of the Dungeon
 11052 | D:10     | Found a staircase to the Orcish Mines.
 11370 | D:10     | Reached skill level 7 in Fighting
 11408 | D:10     | Reached XP level 11. HP: 54/84 MP: 11/11
 11610 | D:10     | Found a staircase to the Lair.
 12377 | D:11     | Noticed Fannar
 12420 | D:10     | Reached skill level 8 in Fighting
 12596 | D:11     | Received a gift from Okawaru
 12612 | D:11     | Reached skill level 9 in Fighting
 12913 | D:11     | Noticed Josephine
 12950 | D:11     | Killed Josephine
 13243 | Lair:1   | Entered Level 1 of the Lair of Beasts
 13272 | Lair:1   | Reached skill level 10 in Fighting
 13296 | Lair:1   | Reached skill level 1 in Invocations
 13577 | Lair:1   | Gained mutation: Your spells are a little easier to cast,
                  | but a little less powerful. [potion of mutation]
 13577 | Lair:1   | Gained mutation: You possess an exceptional clarity of
                  | mind. [potion of mutation]
 13577 | Lair:1   | Gained mutation: Your system is resistant to poisons.
                  | (rPois) [potion of mutation]
 13577 | Lair:1   | Lost mutation: Your spells are a little easier to cast, but
                  | a little less powerful. [potion of mutation]
 15495 | Lair:2   | Found a stormy altar of Qazlal.
 15523 | Lair:2   | Reached XP level 12. HP: 83/99 MP: 15/15
 15531 | Lair:2   | Reached skill level 11 in Fighting
 15589 | Lair:1   | Reached skill level 5 in Invocations
 15958 | Lair:2   | Received a gift from Okawaru
 16766 | Lair:3   | Found a staircase to the Snake Pit.
 16816 | Lair:3   | Found a staircase to the Swamp.
 17114 | Lair:3   | Noticed a five-headed hydra
 17152 | Lair:4   | Received a gift from Okawaru
 17564 | Lair:4   | Noticed a spriggan rider
 17579 | Lair:4   | Reached skill level 1 in Armour
 18301 | Lair:4   | Noticed a spriggan rider
 18346 | Lair:4   | Reached skill level 12 in Fighting
 18366 | Lair:4   | HP: 5/102 [poisoned by a hornet]
 18372 | Lair:4   | HP: 4/102 [poisoned by a hornet]
 18380 | Lair:4   | HP: 4/102 [poisoned by a hornet]
 18388 | Lair:4   | HP: 4/102 [poisoned by a hornet]
 18795 | Lair:4   | Noticed a spriggan rider
 19500 | Lair:4   | Got a pair of steaming gloves {god gift}
 19511 | Lair:4   | Identified the +0 pair of gloves of Okawaru's Envy {+Inv
                  | rElec rPois Str+4} (Okawaru gifted it to you on level 4 of
                  | the Lair of Beasts)
 19553 | Lair:4   | Got a smoking ring mail
 19564 | Lair:4   | Identified the +1 ring mail "Kugiedyp" {MR+ Regen+ Stlth+}
                  | (You found it on level 4 of the Lair of Beasts)
 19667 | Lair:5   | Found a staircase to the Slime Pits.
 19886 | Lair:5   | Reached XP level 13. HP: 108/108 MP: 18/18
 20396 | Lair:6   | Entered Level 6 of the Lair of Beasts
 20488 | Lair:6   | Found a runed translucent door.
 20520 | Lair:6   | Reached skill level 1 in Evocations
 20573 | Lair:6   | Received a gift from Okawaru
 20668 | Lair:6   | Reached skill level 13 in Fighting
 20944 | Lair:6   | Found a frozen archway.
 20953 | IceCv    | Entered an ice cave
 21473 | IceCv    | Reached skill level 14 in Fighting
 21603 | IceCv    | Received a gift from Okawaru
 22032 | IceCv    | Reached skill level 15 in Fighting
 22135 | IceCv    | Noticed a frost giant
 22163 | IceCv    | Killed a frost giant
 22163 | IceCv    | Reached XP level 14. HP: 123/123 MP: 13/20
 22233 | IceCv    | Got a glimmering shortbow
 22239 | IceCv    | Got a pitted trident
 22948 | Lair:6   | Reached skill level 16 in Fighting
 23021 | Lair:6   | Reached ****** piety under Okawaru
 23381 | Lair:6   | Noticed TangoThomas's ghost (journeyman BaWr)
 24217 | D:11     | Received a gift from Okawaru
 24217 | D:11     | Reached skill level 17 in Fighting
 24528 | D:11     | You fall into a shaft and drop 3 floors!
 25178 | D:14     | Reached skill level 18 in Fighting
 25554 | D:15     | Entered Level 15 of the Dungeon
 25930 | D:12     | Noticed Nergalle
 25939 | D:12     | Killed Nergalle
 25979 | D:12     | Noticed Psyche
 25984 | D:12     | Killed Psyche
 26180 | D:12     | Identified the cursed ring "Oruoweaf" {MP+9 Dex-4}
 26210 | D:11     | Reached XP level 15. HP: 136/137 MP: 21/21
 26240 | D:11     | Killed Fannar
 26618 | D:11     | Found a white marble altar of Elyvilon.
 27809 | D:12     | Got a warped great sword
 27815 | D:12     | Identified the +7 great sword "Doaffod" {vorpal, *Noise
                  | Dex+6} (You found it on level 12 of the Dungeon)
 27926 | D:12     | Received a gift from Okawaru
 28481 | D:13     | Noticed Sverke's ghost (journeyman GrFi)
 28604 | D:12     | Lost mutation: You possess an exceptional clarity of mind.
                  | [potion of mutation]
 28604 | D:12     | Gained mutation: You have very sharp teeth. [potion of
                  | mutation]
 28604 | D:12     | Gained mutation: Your spells are a little easier to cast,
                  | but a little less powerful. [potion of mutation]
 28604 | D:12     | Gained mutation: You are agile. (Dex +2) [potion of
                  | mutation]
 28728 | D:13     | Reached skill level 5 in Armour
 28975 | D:13     | Found a blossoming altar of Fedhas.
 28995 | D:13     | Identified Gitat's Reference Book on Assistive Displacement
 28999 | D:13     | Got an iridescent great sword
 29011 | D:13     | Identified the +7 great sword of the Land of Plenty {venom,
                  | Fragile rN++ MP+9 Int+3} (You found it on level 13 of the
                  | Dungeon)
 29016 | D:13     | Learned a level 3 spell: Spectral Weapon
 29227 | D:13     | Reached skill level 1 in Charms
 29324 | D:13     | Found a runed translucent gate.
 29324 | D:13     | Found a runed translucent gate.
 29324 | D:13     | Found a runed translucent gate.
 29370 | D:13     | Cast into level 2 of the Abyss (a wizard)
 29418 | Abyss:2  | Noticed a tentacled starspawn
 29424 | Abyss:2  | Noticed a black draconian knight
 29426 | Abyss:2  | Killed a tentacled starspawn
 29451 | Abyss:2  | Found a runed translucent door.
 29981 | Abyss:2  | Noticed a tentacled starspawn
 29989 | Abyss:2  | Killed a tentacled starspawn
 30165 | Abyss:2  | Found a corrupted altar of Lugonu.
 30233 | Abyss:2  | Killed from afar by a starcursed mass

Illustrated notes

Levels and vault maps discovered:
D:1:      tarquinn_simple_flora_water_e, layout_basic, minmay_pentomino_r2
D:2:      layout_loops_ring, first_ration, cheibrodos_gnoll_hut
D:3:      layout_basic, lemuel_round_altar
D:4:      layout_loops_ring, okawaru_trees_2, nicolae_overflow_hidden_temple,
          lemuel_round_altar, minmay_temple_entry_glass, uniq_sigmund,
          uniq_robin
D:5:      layout_cave_pods, grunt_temple_overflow_gold_and_silver,
          tso_metal_star, basic_altar, serial_bayou, serial_bayou_pond_b,
          serial_bayou_pond_e, serial_bayou_pond_e, serial_bayou_pond_c
D:6:      layout_rooms, nicolae_ashenzari_panopticon, uniq_menkaure
D:7:      layout_gridville, nicolae_qazlal_eye_of_the_storm,
          lemuel_coloured_pillars_altar
D:8:      layout_basic, grunt_dithmenos_smoke, serial_shops, shop,
          uniq_prince_ribbit1
D:9:      layout_basic, lemuel_crystal_altar, marbit_many_paths, hangedman_ranch
          [blue_anna_fruit_fields]
D:10:     layout_basic, grunt_lair_entry_orc_guard_hut, orc_0_dummy
D:11:     layout_basic, enter_bailey_2, lemuel_centaur_altar, uniq_josephine,
          uniq_fannar
D:12:     layout_irregular_city, serial_column_ruins, column_ruins_circle_large,
          column_ruins_corridor_straight, column_ruins_open_tiny,
          column_ruins_open_medium, column_ruins_columns_corner,
          column_ruins_grid_1, column_ruins_open_small, minmay_holes,
          minmay_radiant, uniq_psyche, uniq_nergalle
D:13:     minmay_the_grid_triangle_9x9_recursive_3_mashed
          [minmay_the_grid_triangle_9x9_semitri,
          minmay_the_grid_triangle_9x9_shrine,
          minmay_the_grid_triangle_9x9_zippers_horizontal,
          minmay_the_grid_triangle_9x9_prize_center,
          minmay_the_grid_triangle_9x9_swiss_cheese,
          minmay_the_grid_triangle_9x9_pentomino_pain,
          minmay_the_grid_triangle_9x9_longest,
          minmay_the_grid_triangle_9x9_odd_lines,
          minmay_the_grid_triangle_9x9_warning], layout_cave_pods,
          david_vaults_1, gammafunk_ghost_icy
D:14:     minmay_weird_star, layout_loops_ring
D:15:     grunt_enter_depths_hoard, layout_basic,
          hangedman_abyss_or_decor_stagger, nrook_mini_backslash
Temple:   compressed_dpeg_triangle_lava_temple
Lair:1:   layout_roguey [special_room_bee], serial_forest,
          infiniplex_forest_diagonal, infiniplex_forest_corner_2,
          infiniplex_forest_clump_small, infiniplex_forest_clump_double,
          infiniplex_forest_lined_1, infiniplex_forest_lined_2,
          infiniplex_forest_lined_3, infiniplex_staircase_pool_2,
          grunt_megastairs_3
Lair:2:   layout_cellular_growth, basic_altar, lemuel_old_faithful,
          infiniplex_staircase_pool, grunt_megastairs_4
Lair:3:   layout_chaotic_city, minmay_swamp_entry_reptiles, dummy_snake_entry
Lair:4:   kb_forest_paths, layout_long_grid
Lair:5:   layout_misc_corridors, slime_dummy, grunt_forest_stairs_basic,
          eino_house_with_fridge, grunt_megastairs_2
Lair:6:   minmay_lair_end_frog_pond, layout_cave_pods,
          portal_ice_cave_entry_pillars_1, ebering_ghost_reflecting_pool
Abyss:2:  base: D:10, evilmike_abyss_exit_kraken, minivault_13, minivault_13,
          minivault_24, minivault_24, evilmike_abyss_exit_4

Skill      XL: |  1  2  3  4  5  6  7  8  9 10 11 12 13 14 15 |
---------------+----------------------------------------------+-----
Long Blades    | 4 5 6 7 9 12 13 14 | 14.3
Fighting       | 3 4 5 7 10 12 15 18 | 18.7
Dodging        | 5 6 8 10 11 12 14 | 14.0
Shields        | 4 |  4.0
Invocations    | 4 7 8 |  8.6
Armour         | 2 4 5 |  5.9
Evocations     | 3 |  3.0
Charms         | 2 |  2.8
Throwing       | |  2.1

Action                   |  1- 3 |  4- 6 |  7- 9 | 10-12 | 13-15 || total
-------------------------+-------+-------+-------+-------+-------++-------
Melee: Long sword        |    77 |   137 |   477 |  1074 |  1254 ||  3019
       Tailslap          |       |       |     1 |       |       ||     1
       Great sword       |       |       |       |       |   166 ||   166
       Bite              |       |       |       |       |    63 ||    63
Throw: Dart              |       |     4 |     3 |     6 |       ||    13
       Throwing net      |       |     2 |     3 |       |       ||     5
       Javelin           |       |       |       |    15 |     6 ||    21
Invok: Heroism           |       |       |       |    12 |    16 ||    28
       Finesse           |       |       |       |     3 |     7 ||    10
Evoke: Wand              |       |       |     4 |       |    30 ||    34
  Use: Scroll            |       |     2 |    13 |    17 |     8 ||    40
       Potion            |       |       |       |     9 |     5 ||    14
 Stab: Sleeping          |     1 |     1 |       |     6 |       ||     8
       Held in net/web   |       |       |     3 |       |       ||     3
       Distracted        |       |       |       |       |     1 ||     1
  Eat: Chunk             |     1 |     5 |    15 |    21 |    20 ||    62
       Ration            |       |     1 |     1 |     4 |     5 ||    11
Armor: Leather armour    |    20 |     4 |       |   175 |       ||   199
       Ring mail         |       |    41 |   165 |    13 |       ||   219
       Scale mail        |       |       |       |       |   319 ||   319
Dodge: Dodged            |    65 |   130 |   429 |   876 |  1195 ||  2695
Block: Buckler           |       |       |       |   159 |   261 ||   420
       Rpst.: Long sword |    20 |    37 |   137 |   244 |   231 ||   669
       Great sword       |       |       |       |       |    37 ||    37
